 Dungeon Crawl Stone Soup version 0.24.0-13-gcf9b319 (webtiles) character file.

Game seed: 2877363436139670208, levelgen mode: deterministic

51 Bronimir the Digger (level 3, 0/28 HPs)
             Began as a Deep Dwarf Earth Elementalist on Mar 18, 2020.
             Killed from afar by an orc wizard (5 damage)
             ... with a magic dart
             ... on level 2 of the Dungeon.
             The game lasted 00:07:23 (1930 turns).

Bronimir the Digger (Deep Dwarf Earth Elementalist) Turns: 1930, Time: 00:07:24

Health: 0/28       AC:  5    Str: 11    XL:     3   Next: 57%
Magic:  11/15 (6)  EV: 11    Int: 16    God:
Gold:   86         SH:  3    Dex: 13    Spells: 0/6 levels left

rFire    . . .     SeeInvis .   a - +0 hand axe
rCold    . . .     Gourm    .   w - +0 buckler
rNeg     + . .     Faith    .   v - +0 leather armour
rPois    .         Spirit   .   (no helmet)
rElec    .         Reflect  .   o - +0 cloak
rCorr    .         Harm     .   (no gloves)
MR       .....                  n - +0 pair of boots
Stlth    ++........             (no amulet)
HPRegen  0.00/turn              h - ring of positive energy
MPRegen  0.14/turn              k - ring of magical power

@: very slightly contaminated, non-regenerating
A: damage resistance, heal wounds, sense surroundings 1, no regeneration
a: Heal Wounds


You were on level 2 of the Dungeon.
You were very hungry.

You visited 1 branch of the dungeon, and saw 3 of its levels.

You collected 86 gold pieces.

Inventory:

Hand Weapons
 a - a +0 hand axe (weapon)
 b - a +0 hunting sling
 m - a -1 hunting sling
 s - a +0 club
 t - a cursed -3 spear
Missiles
 e - 9 bolts
 g - 41 stones (quivered)
 p - 19 arrows
Armour
 c - a +0 robe
 f - a +0 ring mail
 n - a +0 pair of boots (worn)
 o - a +0 cloak (worn)
 v - a +0 leather armour (worn)
 w - a +0 buckler (worn)
Jewellery
 h - a ring of positive energy (left hand)
 k - a ring of magical power (right hand)
Scrolls
 l - 4 scrolls of remove curse
 r - a scroll of enchant armour {unknown}
 x - 2 scrolls of identify
Potions
 i - a potion of brilliance
 j - a potion of invisibility {unknown}
 q - a potion of cancellation {unknown}
 u - a potion of lignification {unknown}
Comestibles
 d - 2 rations


   Skills:
 + Level 0.5 Slings
 * Level 0.9 Armour
 + Level 2.3 Dodging
 - Level 2.4 Stealth
 + Level 0.2 Unarmed Combat
 + Level 2.0 Spellcasting
 * Level 0.2 Conjurations
 + Level 0.8 Transmutations
 * Level 5.4 Earth Magic


You couldn't memorise any spells.
You knew the following spells:

 Your Spells              Type           Power        Failure   Level  Hunger
a - Sandblast             Erth           ###...       4%          1    #......
b - Passwall              Tmut/Erth      ##......     19%         2    ###....
c - Stone Arrow           Conj/Erth      ##....       41%         3    ###....

Your spell library contained the following spells:

 Spells                   Type           Power        Failure   Level  Hunger
 Petrify                  Tmut/Erth      ##......     77%         4    #####..
 Lee's Rapid Deconstruct  Erth           ###.......   80%         5    ######.


Dungeon Overview and Level Annotations

Branches:
Dungeon (3/15)

Altars:
Nemelex Xobeh


Innate Abilities, Weirdness & Mutations

You are resistant to damage.
You can heal yourself by infusing magical energy.
You passively map a small area around you.
You do not regenerate.


Message History

The orc wizard hits you but does no damage.
The orc wizard closely misses you.
You hit the orc wizard but do no damage.
The orc wizard is lightly wounded.
The orc wizard closely misses you.
The orc wizard casts a spell.
The orc wizard blinks!
Take off which item? (? for menu, Esc to quit)
The orc wizard gestures at you while chanting.
Keep disrobing?
The magic dart hits you.
You start removing your armour.
You continue taking off your +0 buckler. x2
The orc wizard barely misses you.
You continue taking off your +0 buckler.
The orc wizard barely misses you.
You continue taking off your +0 buckler.
The orc wizard points at you and mumbles some strange words.
The magic dart hits you!
You die...

#.....##.........# #.#
#.....##.........# #.#
#.....##.........#######.#
#......#.................#
###.##.#.........###..####
#.##.###........##...###
#.##.###........##.....###
##.##.#...o......#..###....
#####.........@#####....#######
#..##.........>................
##.##.......####....#####......
###..........# #.#### ###....
##....<.......####.### ##...
#.......[....<.......#########...
.............................#...
..............##..#..............
..............#..###..........###


You could see an orc wizard.

Vanquished Creatures
  An adder (D:2)
  A worm (D:2)
  A dart slug (D:1)
  4 leopard geckos
  2 ball pythons (D:2)
  2 giant cockroaches (D:1)
  4 goblins
  4 hobgoblins
  2 jackals (D:1)
  A kobold (D:2)
  A quokka (D:2)
  A bat (D:1)
  2 frilled lizards
  5 rats
31 creatures vanquished.

Notes
Turn   | Place    | Note
-------+----------+-------------------------------------------
     0 | D:1      | Bronimir the Deep Dwarf Earth Elementalist began the quest
                  | for the Orb.
     0 | D:1      | Reached XP level 1. HP: 15/15 MP: 3/3
   222 | D:1      | Reached XP level 2. HP: 14/22 MP: 1/4
   264 | D:1      | Learned a level 2 spell: Passwall
   839 | D:1      | Reached skill level 5 in Earth Magic
  1067 | D:2      | Reached XP level 3. HP: 18/28 MP: 6/6
  1072 | D:2      | Learned a level 3 spell: Stone Arrow
  1761 | D:2      | Found a sparkling altar of Nemelex Xobeh.
  1930 | D:2      | Killed from afar by an orc wizard

Levels and vault maps discovered:
D:1:      eino_arrival_water_star, layout_loops_corners, minivault_24
D:2:      layout_rooms, lemuel_coloured_pillars_altar, minmay_vboxes
D:3:      layout_rooms, due_unseen_surprise

Skill      XL: |  1  2 |
---------------+-------+-----
Earth Magic    | 5 |  5.4
Spellcasting   | 2 |  2.0
Slings         | |  0.5
Armour         | |  0.9
Dodging        | |  2.3
Stealth        | |  2.4
Unarmed Combat | |  0.2
Conjurations   | |  0.2
Transmutations | |  0.8

Action                   || total
-------------------------++-------
Melee: Unarmed           ||    18
       Hand axe          ||     8
       Club              ||     1
 Fire: Hunting sling     ||    14
 Cast: Sandblast         ||    31
       Stone Arrow       ||    10
 Abil: Heal Wounds       ||     2
  Use: Scroll            ||     4
 Stab: Sleeping          ||     1
  Eat: Chunk             ||     4
Armor: Robe              ||     4
       Leather armour    ||     5
Dodge: Dodged            ||    28
Block: Buckler           ||     3
